AoeStats
← henrim667

Arena

506377334Analyzed
2v2 RM · 19d ago on Sep 13, 2026· 39m 26s· 4 players
Game mode
Random Map
Map size
Medium (4 player)
Population
200
Speed
Normal
Resources
Standard
Victory
Conquest
Starting age
Dark Age
Ending age
Imperial Age
RankedLock teamsTeams togetherTeam positionsShared explorationLock speedFull tech treeHidden civsTurbo modeCheats
Victory
Defeat
🇮🇳 Poles · India
960
+12
🇧🇪 Lithuanians · Belgium
906
+14
🇫🇷 Khmer · France
863
-13
🇫🇷 Franks · France
863
-13
Bickus Diggus
11:13 Feudal Age
12:01 Horse Collar
12:38 Double-Bit Axe
14:36 Wheelbarrow
18:34 Castle Age
17:04 Gold Mining
17:30 Stone Mining
18:03 Loom
18:27 Fletching
20:47 Bow Saw
20:39 Heavy Plow
24:10 Town Watch
27:07 Imperial Age
25:09 Crossbowman
25:49 Bodkin Arrow
26:13 Szlachta Privileges
27:11 Ballistics
27:50 Padded Archer Armor
29:07 Bracer
30:43 Leather Archer Armor
30:47 Hand Cart
30:48 Husbandry
30:59 Bloodlines
32:30 Chemistry
32:48 Arbalester
35:10 Conscription
34:36 Cavalier
36:23 Scale Barding Armor
henrim667
12:52 Feudal Age
14:47 Double-Bit Axe
16:49 Horse Collar
18:35 Wheelbarrow
18:16 Gold Mining
21:35 Castle Age
21:00 Forging
20:56 Scale Barding Armor
21:29 Stone Mining
22:53 Bow Saw
23:26 Heavy Plow
24:32 Iron Casting
28:14 Hand Cart
29:38 Hand Cart
33:36 Imperial Age
31:30 Chain Barding Armor
32:37 Husbandry
32:48 Bloodlines
35:13 Crop Rotation
34:29 Capped Ram
36:31 Cavalier
38:33 Plate Barding Armor
Bafode_44
0:37 Loom
11:55 Feudal Age
17:44 Castle Age
32:29 Imperial Age
33:38 Double Crossbow
35:13 Bloodlines
34:25 Light Cavalry
35:40 Capped Ram
floping44
0:44 Loom
13:31 Feudal Age
19:13 Castle Age
19:59 Double-Bit Axe
27:30 Gold Mining
27:28 Town Watch
31:34 Imperial Age
31:20 Scale Barding Armor
31:26 Forging
32:11 Husbandry
31:36 Cavalier
33:21 Chemistry
36:15 Paladin
Connection lost

Rejoining the realm…

Still unreachable

The connection could not be restored.

Session expired

The server has moved on; the page needs a fresh start.